 Dungeon Crawl Stone Soup version 0.19.0-24-gb05acd6 (webtiles) character file.

781 ChaseSP the Changer (level 7, -9/32 HPs)
             Began as a Vine Stalker Transmuter on Nov 22, 2016.
             Mangled by an ogre
             ... wielding a +0 giant club
              (26 damage)
             ... on level 4 of the Dungeon.
             The game lasted 00:09:00 (4594 turns).

ChaseSP the Changer (Vine Stalker Transmuter)       Turns: 4594, Time: 00:09:01

Health: -9/32      AC:  2    Str: 14    XL:     7   Next: 85%
Magic:  0/11       EV: 19    Int: 13    God:
Gold:   206        SH:  0    Dex: 20    Spells: 4 memorised, 0 levels left

rFire  . . .     SeeInvis .       - Unarmed
rCold  . . .     Gourm    +     (armour currently unavailable)
rNeg   . . .     Faith    .     (shield currently unavailable)
rPois  x         Spirit   +     (helmet currently unavailable)
rElec  .         Reflect  .     (cloak currently unavailable)
rCorr  .         Harm     .     (gloves currently unavailable)
MR     .....                    (boots currently unavailable)
Stlth  +.........               s - amulet of the gourmand
                                (no ring)
                                m - ring of loudness (curse)

@: spider-form
A: (fangs 0), regeneration 1, magic shield, (antimagic bite), no device heal 3,
rot immunity
a: End Transformation


You were on level 4 of the Dungeon.
You were completely stuffed.
You were a venomous arachnid creature.
You visited 1 branch of the dungeon, and saw 4 of its levels.
You also visited: Sewer.

You collected 206 gold pieces.

Inventory:

Missiles
 a - 26 arrows
Armour
 l - a +0 cloak (melded)
 t - a +0 pair of gloves (melded)
 u - a +2 ring mail of magic resistance (melded)
Jewellery
 m - a cursed ring of loudness (left front leg)
 s - an amulet of the gourmand (around neck)
 v - an uncursed amulet of harm {unknown}
Scrolls
 f - a scroll of random uselessness {unknown}
 k - 2 scrolls of identify
 o - 3 scrolls of enchant armour {unknown}
 p - a scroll of remove curse {unknown}
 q - a scroll of teleportation {unknown}
Potions
 b - 4 potions of curing {unknown}
 e - 3 potions of flight
 g - 2 potions of heal wounds
 h - a potion of degeneration {unknown}
 i - 2 potions of haste
 n - a potion of berserk rage {unknown}
Books
 c - a book of Changes

   Spells                             Type                      Level
   a - Beastly Appendage              Transmutation                1
   b - Sticks to Snakes               Transmutation                2
   c - Spider Form                    Transmutation/Poison         3
   d - Ice Form                       Ice/Transmutation            4
   e - Blade Hands                    Transmutation                5
Comestibles
 d - 3 bread rations
 j - 4 chunks of flesh
 r - a beef jerky


   Skills:
 - Level 0.8 Fighting
 - Level 2.0 Armour
 + Level 1.7 Dodging
 + Level 4.6 Unarmed Combat
 - Level 2.1 Spellcasting
 * Level 5.9 Transmutations
 * Level 2.0 Ice Magic
 - Level 3.2 Poison Magic


You couldn't memorise any spells.
You knew the following spells:

 Your Spells              Type           Power        Failure   Level  Hunger
a - Beastly Appendage     Tmut           ###...       10%         1    ##.....
b - Sticks to Snakes      Tmut           ###.....     14%         2    ###....
c - Spider Form           Tmut/Pois      ##........   28%         3    ####...
d - Ice Form              Ice/Tmut       ##......     71%         4    #####..


Dungeon Overview and Level Annotations

Branches:
Dungeon (4/15)
 Temple: D:4-7

Altars:
Fedhas
Gozag
Kikubaaqudgha
Okawaru
Vehumet


Innate Abilities, Weirdness & Mutations

((You have extremely sharp teeth.))
Your natural rate of healing is unusually fast.
When hurt, damage is shared between your health and your magic reserves.
((Your bite disrupts and absorbs the magic of your enemies.))
Potions and wands cannot restore your health.
You are immune to rotting.


Message History

An ogre is nearby!
The ogre shouts!
Casting: Spider Form
Confirm with . or Enter, or press ? or * to list all spells.
You turn into a venomous arachnid creature.
Your +0 cloak melds into your body.
Your +0 pair of gloves melds into your body.
Your +2 ring mail of magic resistance melds into your body.
You feel less resistant to hostile enchantments.
The ogre hits you with a giant club!
You bite the ogre!
The ogre is poisoned.
The ogre is moderately wounded.
The ogre closely misses you.
You hit the ogre.
The ogre looks as sick as possible!
The ogre is heavily wounded.
You hit the ogre but do no damage.
The ogre looks as sick as possible!
The ogre is heavily wounded.
The ogre hits you with a giant club!!
Ouch! That really hurt!
You die... w

#####†....##.#
#.# .
######)....##.#
#.# <
#....))#'####.#
#.# . #.####.#.#
#.# #.# . #.#
#.#.# #.# #.# .
##.# #.#.# #.# #
#.# .##o.# #.#.#
#.# .### ....##
#.#.# #.# ...
##### #.#.#
#s##.#####
#.#.####O#.......
#.#..............
#.#....).........
#.#.#############
#e#..O.....
#.#########
############ #.#
#........... #.#
#.##########


You could see an ogre.

Vanquished Creatures
  Duvessa (D:4)
  2 ogres (D:4)
  A big kobold (Sewer)
  Dowan (D:4)
  2 orc priests (D:4)
  4 orc wizards (D:4)
  A worker ant (D:4)
  5 adders
  2 river rats (Sewer)
  3 oozes
  An adder zombie (D:3)
  3 worms
  2 dart slugs
  7 leopard geckos
  9 orcs
  A ball python (D:1)
  13 bats
  4 giant cockroaches
  3 goblins
  9 hobgoblins
  8 jackals
  13 kobolds
  4 quokkas
  5 frilled lizards
  14 rats
118 creatures vanquished.

Vanquished Creatures (others)
  2 orcs (D:4)
2 creatures vanquished.

Grand Total: 120 creatures vanquished

Notes
Turn   | Place    | Note
-------+----------+-------------------------------------------
     0 | D:1      | ChaseSP the Vine Stalker Transmuter began the quest for the Orb.
     0 | D:1      | Reached XP level 1. HP: 9/9 MP: 4/4
   274 | D:1      | Reached XP level 2. HP: 3/14 MP: 4/6
   663 | D:1      | Reached skill level 3 in Transmutations
   887 | D:1      | Reached XP level 3. HP: 8/17 MP: 7/7
   891 | D:1      | Learned a level 2 spell: Sticks to Snakes
   895 | D:1      | Learned a level 3 spell: Spider Form
  1379 | D:2      | Reached skill level 1 in Poison Magic
  1898 | D:2      | Gained mutation: Your natural rate of healing is unusually fast. [Vine Stalker growth]
  1898 | D:2      | Reached XP level 4. HP: 21/21 MP: 8/8
  1917 | D:2      | Found an opulent altar of Gozag.
  2179 | D:2      | Found an iron altar of Okawaru.
  2226 | D:2      | Reached skill level 4 in Transmutations
  2632 | D:3      | Found a glowing drain.
  2649 | Sewer    | Entered a sewer
  2667 | Sewer    | Reached XP level 5. HP: 14/25 MP: 6/9
  2719 | Sewer    | Noticed a big kobold
  2777 | Sewer    | Killed a big kobold
  2848 | Sewer    | Found a white marble altar of Elyvilon.
  3041 | D:3      | Found a blossoming altar of Fedhas.
  3044 | D:3      | Found an ancient bone altar of Kikubaaqudgha.
  3078 | D:3      | Reached XP level 6. HP: 29/29 MP: 10/10
  3322 | D:3      | Reached skill level 5 in Transmutations
  3547 | D:4      | Found a radiant altar of Vehumet.
  3709 | D:4      | Noticed Duvessa
  3710 | D:4      | Noticed Dowan
  3782 | D:4      | Killed Dowan
  3782 | D:4      | Reached skill level 1 in Armour
  3848 | D:4      | Killed Duvessa
  3848 | D:4      | Reached XP level 7. HP: 13/32 MP: 3/11
  4159 | D:4      | Learned a level 4 spell: Ice Form
  4372 | D:4      | Reached skill level 1 in Ice Magic
  4594 | D:4      | Mangled by an ogre

Skill      XL: |  1  2  3  4  5  6  7 |
---------------+----------------------+-----
Transmutations | 3 4 5 |  5.9
Poison Magic   | 1 2 3 |  3.2
Armour         | 1 2 |  2.0
Unarmed Combat | 4 |  4.6
Ice Magic      | 2 |  2.0
Fighting       | |  0.8
Dodging        | |  1.7
Spellcasting   | |  2.1

Action                   |  1- 3 |  4- 6 |  7- 9 || total
-------------------------+-------+-------+-------++-------
Melee: Unarmed           |   140 |   297 |    74 ||   511
       Bite              |    31 |    71 |     9 ||   111
       Kick              |     4 |    21 |     1 ||    26
       Punch             |     1 |     3 |     1 ||     5
       Headbutt          |       |     3 |     3 ||     6
 Cast: Beastly Appendage |     2 |     8 |     2 ||    12
       Spider Form       |       |     3 |     4 ||     7
       Sticks to Snakes  |       |       |     2 ||     2
  Use: Scroll            |       |     3 |       ||     3
       Potion            |       |     2 |       ||     2
 Stab: Sleeping          |       |     1 |       ||     1
       Distracted        |       |       |     1 ||     1
  Eat: Chunk             |     3 |    19 |     6 ||    28
Armor: Robe              |    37 |     3 |       ||    40
       Ring mail         |       |    75 |    26 ||   101
       Leather armour    |       |     8 |       ||     8
       Skin              |       |       |     1 ||     1
Dodge: Dodged            |    99 |   180 |    33 ||   312
